 Dungeon Crawl Stone Soup version 0.28-a0-105-g49a0850c41 (webtiles) character file.

Game seed: 202052655359115655

586 pokeman the Magician (level 7, -5/38 HPs)
             Began as a Deep Elf Hedge Wizard on Aug 12, 2021.
             Was an Initiate of Vehumet.
             Killed by divine providence
             ... invoked by an orc priest
              (13 damage)
             ... on level 5 of the Dungeon.
             The game lasted 00:09:56 (6178 turns).

pokeman the Magician (Deep Elf Hedge Wizard)        Turns: 6178, Time: 00:09:57

Health: -5/38      AC:  8    Str: 13    XL:     7   Next: 15%
Magic:  7/20       EV: 12    Int: 21    God:    Vehumet [......]
Gold:   44         SH:  0    Dex: 14    Spells: 3/21 levels left

rFire   . . .      SeeInvis .   x - +0 war axe (elec)
rCold   . . .      Faith    .   (no shield)
rNeg    . . .      Spirit   .   A - +2 leather armour {rPois}
rPois   +          Reflect  .   c - +0 hat
rElec   .          Harm     .   k - +0 cloak
rCorr   .          Rampage  .   d - +0 pair of gloves
Will    .....                   j - +0 pair of boots
Stlth   ++........              (no amulet)
HPRegen 0.12/turn               o - +6 ring of strength
MPRegen 0.17/turn               (no ring)

@: very slightly contaminated
A: no striking features
a: Renounce Religion


You were on level 5 of the Dungeon.
You worshipped Vehumet.
Vehumet was noncommittal.
You visited 1 branch of the dungeon, and saw 5 of its levels.

You collected 254 gold pieces.
You spent 210 gold pieces at shops.

Inventory:

Hand Weapons
 h - a +0 hand crossbow
 v - a +0 shortbow
 x - a +0 war axe of electrocution (weapon)
Missiles
 e - 58 arrows
 q - 36 bolts
Armour
 b - a +0 kite shield
 c - a +0 hat (worn)
 d - a +0 pair of gloves (worn)
 j - a +0 pair of boots (worn)
 k - a +0 cloak (worn)
 A - a +2 leather armour of poison resistance (worn)
Magical Staves
 i - a staff of death
Jewellery
 o - a +6 ring of strength (left hand)
Scrolls
 a - 5 scrolls of identify
 l - a scroll of enchant weapon {unknown}
 m - 2 scrolls of fog {unknown}
 p - 4 scrolls of teleportation
 r - a scroll of amnesia {unknown}
 s - a scroll of acquirement {unknown}
 t - a scroll of torment {unknown}
 y - a scroll of vulnerability {unknown}
 B - a scroll of brand weapon {unknown}
 C - a scroll of magic mapping {unknown}
Potions
 f - 3 potions of curing
 g - 2 potions of resistance {unknown}
 n - a potion of brilliance {unknown}
 u - 2 potions of attraction {unknown}
 w - a potion of flight {unknown}
 z - 2 potions of heal wounds


   Skills:
 - Level 1.0 Fighting
 - Level 1.0 Armour
 - Level 3.0 Dodging
 - Level 3.2 Stealth
 + Level 0.8 Shields
 * Level 7.8 Spellcasting
 + Level 3.8 Conjurations
 + Level 1.7 Summonings
 - Level 1.2 Necromancy
 - Level 1.1 Translocations
 - Level 1.0 Fire Magic
 - Level 1.0 Air Magic
 - Level 1.0 Poison Magic
 - Level 1.1 Evocations


You had 3 spell levels left.
You knew the following spells:

 Your Spells              Type           Power      Damage    Failure   Level
a - Magic Dart            Conj           96%        1d7       2%          1
b - Mephitic Cloud        Conj/Pois/Air  16%        N/A       14%         3
c - Call Imp              Summ           15%        N/A       8%          2
d - Blink                 Tloc           N/A        N/A       10%         2
e - Conjure Flame         Conj/Fire      18%        6-21      12%         3
f - Foxfire               Conj/Fire      72%        2x1d7     3%          1
g - Shadow Creatures      Summ           N/A        N/A       100%        6

Your spell library contained the following spells:

 Spells                   Type           Power      Damage    Failure   Level
 Summon Small Mammal      Summ           60%        N/A       4%          1
 Animate Skeleton         Necr           26%        N/A       6%          1
 Apportation              Tloc           24%        N/A       7%          1
 Corona                   Hex            8%         N/A       11%         1
 Ensorcelled Hibernation  Hex/Ice        16%        N/A       16%         2
 Slow                     Hex            8%         N/A       16%         2
 Inner Flame              Hex/Fire       10%        N/A       26%         3
 Spider Form              Tmut/Pois      5%         N/A       26%         3


Dungeon Overview and Level Annotations

Branches:
Dungeon (5/15)
 Temple: D:4-7

Altars:
Gozag
Hepliaklqana
Uskayaw
Vehumet
Yredelemnul

Shops:
D:1 [   D:2 ?   D:3 !


Message History

Your shadow imp misses the water moccasin.
Found a stone staircase leading up.
The water moccasin completely misses your shadow imp.
Your shadow imp barely misses the water moccasin.
Your white imp barely misses the necrophage.
The water moccasin bites your shadow imp but does no damage.
Something hits your white imp.
The water moccasin closely misses your shadow imp.
Your shadow imp hits the water moccasin.
Your white imp gestures at the water moccasin.
The puff of frost hits the necrophage.
The necrophage resists.
Something completely misses your white imp.
The water moccasin closely misses your shadow imp.
Your white imp gestures at the water moccasin.
The puff of frost hits the necrophage.
The necrophage resists.
Your shadow imp hits the water moccasin.
Casting: Blink (safe; 10% risk of failure)
Confirm with . or Enter, or press ? or * to list all spells.
You conjure some foxfire!
The water moccasin bites your shadow imp.
Your shadow imp is poisoned.
The water moccasin poisons your shadow imp!
The necrophage hits your white imp!
Your white imp dies!
Your shadow imp barely misses the water moccasin.
Casting: Foxfire (safe; 3% risk of failure)
Confirm with . or Enter, or press ? or * to list all spells.
You conjure some foxfire!
The water moccasin closely misses your shadow imp.
The water moccasin bites your shadow imp.
Your shadow imp dies!
Unknown command.
The foxfire hits the water moccasin.
You kill the water moccasin!
Vehumet accepts your kill.
The foxfire hits the necrophage.
The necrophage is severely damaged.
The orc priest calls down the wrath of Beogh upon you.
Beogh smites you!
You die...

...###.# #. #.###.#
#.#........ #. #.....##
###.#........ #.
#.#....###.#.#.......< ..
##......#...#.#........ #.#
#....##.#............. ###..#
#.##.........)§§.§...####...#
#.####....##.§§§§#####....###.
#)# ##..#...#@§§vvn.o..)..†...
#.# #.....#.##§..#####....###.
#.....[#...#.###### ####...##
#.....##.#)..# ###..#
#........##..###### ##.#
##.......##<....... #..
#...####.##......## ##. #...
#..##....... #. #.. ##.
.....## #.


You could see a necrophage (ally target) and an orc priest.

Vanquished Creatures
  A water moccasin (D:5)
  A centaur (D:4)
  A centaur zombie (D:5)
  A crimson imp (D:4)
  A hound (D:3)
  2 orc priests (D:4)
  A bullfrog skeleton (D:5)
  An orc wizard (D:4)
  Natasha (thrice) (D:2)
  7 adders
  A white imp (D:4)
  3 worms (D:2)
  3 dart slugs
  8 orcs
  7 ball pythons
  6 bats
  7 endoplasms
  4 giant cockroaches
  5 goblins
  7 hobgoblins
  A jackal (D:3)
  3 quokkas
  2 frilled lizards
  5 kobolds
  6 rats
87 creatures vanquished.

Vanquished Creatures (collateral kills)
  A bullfrog (D:5)
1 creature vanquished.

Vanquished Creatures (others)
  33 foxfires
33 creatures vanquished.

Grand Total: 121 creatures vanquished

Notes
Turn   | Place    | Note
-------+----------+-------------------------------------------
     0 | D:1      | pokeman the Deep Elf Hedge Wizard began the quest for the
                  | Orb.
     0 | D:1      | Reached XP level 1. HP: 10/10 MP: 7/7
   301 | D:1      | Reached XP level 2. HP: 9/16 MP: 9/9
   844 | D:1      | Found Xisunle's Armour Shoppe.
  1125 | D:1      | Reached skill level 5 in Spellcasting
  1352 | D:2      | Reached XP level 3. HP: 20/20 MP: 5/11
  1356 | D:2      | Learned a level 3 spell: Mephitic Cloud
  1359 | D:2      | Learned a level 2 spell: Call Imp
  1362 | D:2      | Learned a level 2 spell: Blink
  1366 | D:2      | Learned a level 3 spell: Conjure Flame
  1802 | D:2      | Found a faded altar of an unknown god.
  1897 | D:2      | Reached skill level 1 in Armour
  2075 | D:2      | Reached skill level 1 in Fighting
  2353 | D:2      | Found Pibuforph's Magic Scroll Emporium.
  2420 | D:2      | Bought a scroll of identify for 26 gold pieces
  2420 | D:2      | Bought a scroll of noise for 13 gold pieces
  2420 | D:2      | Bought a scroll of teleportation for 39 gold pieces
  2463 | D:2      | Noticed Natasha
  2473 | D:2      | Killed Natasha
  2474 | D:2      | Reached XP level 4. HP: 13/25 MP: 6/13
  2807 | D:2      | Noticed Natasha
  2896 | D:2      | Killed Natasha
  2897 | D:2      | Reached skill level 1 in Necromancy
  3231 | D:2      | Noticed Natasha
  3238 | D:2      | Killed Natasha
  3239 | D:2      | Reached skill level 6 in Spellcasting
  3239 | D:2      | Reached XP level 5. HP: 29/29 MP: 2/15
  3692 | D:3      | Reached skill level 1 in Fire Magic
  3905 | D:3      | Found a hide-covered altar of Uskayaw.
  3959 | D:3      | Found a basalt altar of Yredelemnul.
  4280 | D:3      | Found Avaickul's Distillery.
  4379 | D:3      | Learned a level 1 spell: Foxfire
  4622 | D:4      | Noticed a centaur
  4631 | D:4      | Killed a centaur
  4632 | D:4      | Reached XP level 6. HP: 24/34 MP: 7/17
  4831 | D:4      | Found a radiant altar of Vehumet.
  4832 | D:4      | Found an opulent altar of Gozag.
  4832 | D:4      | Found a hazy altar of Hepliaklqana.
  4839 | D:4      | Became a worshipper of Vehumet
  4988 | D:4      | Learned a level 6 spell: Shadow Creatures
  5004 | D:4      | Reached skill level 1 in Air Magic
  5056 | D:4      | Reached skill level 7 in Spellcasting
  5618 | D:4      | Reached skill level 1 in Poison Magic
  5618 | D:4      | Reached skill level 1 in Evocations
  5878 | D:3      | Bought a potion of curing for 36 gold pieces
  5878 | D:3      | Bought a potion of curing for 36 gold pieces
  5878 | D:3      | Bought a potion of heal wounds for 60 gold pieces
  5923 | D:5      | Entered Level 5 of the Dungeon
  6033 | D:5      | Reached XP level 7. HP: 38/38 MP: 16/20
  6178 | D:5      | Killed from afar by an orc priest

Illustrated notes

Levels and vault maps discovered:
D:1:      psy_arrival_conway, layout_loops_cross, serial_shops, shop,
          corexii_leaking_fountain
D:2:      layout_basic, ebering_ecumenical_altar_webs, serial_shops,
          nicolae_square_shop, uniq_natasha
D:3:      layout_loops_cross, mainiacjoe_overflow_catch_the_wave, serial_shops,
          nicolae_shop_behind_doors, grunt_ministairs_2, nrook_uturn,
          hangedman_decor_diamond_cutter, hangedman_decor_growths,
          grunt_decor_mini_mirrors, kennysheep_generic_room_2
D:4:      layout_basic, chequers_temple_overflow_statue_of_worship,
          minmay_fire_ice_demons
D:5:      minmay_general_purpose_star, layout_rooms, corner_web_ring

Skill      XL: |  1  2  3  4  5  6 |
---------------+-------------------+-----
Spellcasting   | 5 6 7 |  7.8
Armour         | 1 |  1.0
Fighting       | 1 |  1.0
Conjurations   | 2 3 |  3.8
Necromancy     | 1 |  1.2
Dodging        | 3 |  3.0
Fire Magic     | 1 |  1.0
Stealth        | 3 |  3.2
Air Magic      | 1 |  1.0
Poison Magic   | 1 |  1.0
Evocations     | 1 |  1.1
Shields        | |  0.8
Summonings     | |  1.7
Translocations | |  1.1

Action                   |  1- 3 |  4- 6 |  7- 9 || total
-------------------------+-------+-------+-------++-------
Melee: War axe           |    24 |    29 |       ||    53
 Cast: Magic Dart        |    89 |    95 |       ||   184
       Mephitic Cloud    |     4 |     5 |       ||     9
       Conjure Flame     |       |     3 |       ||     3
       Call Imp          |       |     1 |     3 ||     4
       Foxfire           |       |    17 |     6 ||    23
 Stab: Confused          |     6 |       |       ||     6
Armor: Robe              |     4 |     6 |       ||    10
       Leather armour    |       |    11 |     3 ||    14
Dodge: Dodged            |    14 |    42 |     5 ||    61

Table legend: (Time is in decaauts)
 A = Elapsed time spent in this place.
 B = Non-inter-level travel time spent in this place.
 C = Inter-level travel time spent in this place.
 D = Time resting spent in this place.
 E = Time spent auto-exploring this place.
 F = Levels seen in this place.
 G = Mean time per level.
                   A        B        C        D        E       F      G
               +--------+--------+--------+--------+--------+-----+--------+
         Total |   6214 |   5971 |    243 |     55 |   5255 |   5 | 1242.8 |
       Dungeon |   6214 |   5971 |    243 |     55 |   5255 |   5 | 1242.8 |
               +--------+--------+--------+--------+--------+-----+--------+

Top non-repeatable levels by time:
     D:2: 2085 daAuts
     D:3: 1303 daAuts
     D:4: 1293 daAuts
     D:1: 1274 daAuts
     D:5: 256 daAuts
